 Dungeon Crawl Stone Soup version 0.29.0-11-gd7f09526c8 (webtiles) character file.

Game seed: 12069228394266719456

58 SensoryNuts the Grave Robber (level 3, -1/24 HPs)
             Began as a Demonspawn Necromancer on Sept 3, 2022.
             Slain by Jessica
             ... wielding a +0 spectral club
              (4 damage)
             ... on level 2 of the Dungeon.
             The game lasted 00:01:37 (2030 turns).

SensoryNuts the Grave Robber (DsNe)                 Turns: 2030, Time: 00:01:38

Health: -1/24      AC:  2    Str:  8    XL:     3   Next: 76%
Magic:  1/7        EV: 12    Int: 18    God:
Gold:   52         SH:  0    Dex: 13    Spells: 6/7 levels left

rFire   . . .      SeeInvis .   c - +0 club
rCold   . . .      Faith    .   (no shield)
rNeg    . . .      Spirit   .   a - +0 robe
rPois   .          Reflect  .   (no helmet)
rElec   .          Harm     .   (no cloak)
rCorr   .          Rampage  .   (no gloves)
Will    .....                   (no boots)
Stlth   ++........              (no amulet)
HPRegen 0.08/turn               (no ring)
MPRegen 0.10/turn               (no ring)

@: slowed, very slow
A: powered by death 1
a: no special abilities


You were on level 2 of the Dungeon.
You visited 1 branch of the dungeon, and saw 2 of its levels.

You collected 52 gold pieces.

Inventory:

Hand Weapons
 c - a +0 club (weapon)
Armour
 a - a +0 robe (worn)
 g - a +0 cloak
Scrolls
 i - a scroll of teleportation {unknown}
 j - a scroll of enchant armour {unknown}
Potions
 b - a potion of magic
 d - 2 potions of curing {unknown}
 e - 2 potions of resistance {unknown}
 f - a potion of brilliance {unknown}
 h - a potion of heal wounds
 k - a potion of mutation {unknown}


   Skills:
 + Level 2.0 Dodging
 + Level 1.9 Stealth
 + Level 2.7 Spellcasting
 + Level 5.3 Necromancy


You had 6 spell levels left.
You knew the following spells:

 Your Spells              Type           Power      Damage    Failure   Level
a - Necrotise             Necr           84%        1d8       1%          1

Your spell library contained the following spells:

 Spells                   Type           Power      Damage    Failure   Level
 Sublimation of Blood     Necr           21%        N/A       2%          2
 Vampiric Draining        Necr           21%        2d7       5%          3
 Animate Dead             Necr           21%        N/A       19%         4
 Ensorcelled Hibernation  Hex/Ice        4%         N/A       26%         2
 Wereblood                Tmut           2%         N/A       26%         2
 Spider Form              Tmut/Pois      2%         N/A       45%         3
 Agony                    Necr           21%        N/A       45%         5
 Anguish                  Hex/Necr       6%         N/A       50%         4
 Summon Hydra             Summ           1%         N/A       100%        7


Dungeon Overview and Level Annotations

Branches:
Dungeon (2/15)

Altars:
Makhleb

Annotations:
D:2 Jessica


Innate Abilities, Weirdness & Mutations

You regenerate a little health from kills.


Message History

The dead are walking!
Your jackal skeleton barely misses Jessica.
Jessica hits your jackal skeleton with a +0 spectral club.
You can't see any susceptible monsters within range! (Use Z to cast anyway.)
You swap places.
Your jackal skeleton bites Jessica.
Jessica hits your jackal skeleton with a +0 spectral club.
Your jackal skeleton is destroyed!
Jessica writhes in agony!
Jessica gestures wildly while chanting.
Jessica seems to speed up.
You are out of magic!
You are out of magic!
You are out of magic!
Jessica points at you and mumbles some strange words.
You feel yourself slow down.
Jessica is nearby!
Jessica is nearby!
You barely miss Jessica.
Jessica is almost dead.
Jessica completely misses you. Jessica barely misses you.
Jessica casts a spell at you. Pain shoots through your body!
Ouch! That really hurt!
You are too injured to fight recklessly!
You are too injured to fight recklessly!
You are too injured to fight recklessly!
Unknown command.
You closely miss Jessica.
Jessica is almost dead.
Jessica hits you but does no damage. Jessica misses you.
Jessica drinks a potion.
Jessica is healed!
Unknown command.
You completely miss Jessica.
Jessica hits you with a +0 spectral club.
* * * LOW HITPOINT WARNING * * *
Jessica points at you and mumbles some strange words.
Pain shoots through your body!
* * * LOW HITPOINT WARNING * * *
Jessica hits you with a +0 spectral club.
You die...

....#..#.# #.#
##.##..#.# #.#
.......#.# #.#
##.##..#.# #.#
#.##.##.# #.#
#.##.##.# #.#
#.##.##.# #.#
#.##.##.##########.#
#.......#.....@@Z..#
####.####.##########
#.# #.# #.# #.. ###


You could see Jessica (fast, ally target) and a friendly jackal skeleton.

Vanquished Creatures
  A gnoll (D:1)
  A worm (D:2)
  A dart slug (D:2)
  A bat (D:1)
  5 endoplasms (D:1)
  3 giant cockroaches
  4 goblins
  A hobgoblin (D:1)
  6 jackals
  3 kobolds
  2 quokkas (D:2)
  2 ball pythons (D:1)
  2 frilled lizards (D:1)
  3 rats (D:1)
35 creatures vanquished.

Vanquished Creatures (collateral kills)
  A ball python (D:1)
  A goblin (D:1)
  A frilled lizard (D:1)
3 creatures vanquished.

Grand Total: 38 creatures vanquished

Notes
Turn   | Place    | Note
-------+----------+-------------------------------------------
     0 | D:1      | SensoryNuts the Demonspawn Necromancer began the quest for
                  | the Orb.
     0 | D:1      | Reached XP level 1. HP: 13/13 MP: 3/3
   124 | D:1      | Gained mutation: You regenerate a little health from kills.
                  | [demonic ancestry]
   124 | D:1      | Reached XP level 2. HP: 14/19 MP: 0/5
   374 | D:1      | Reached skill level 5 in Necromancy
   817 | D:1      | Reached XP level 3. HP: 24/24 MP: 0/6
  1828 | D:2      | Found a burning altar of Makhleb.
  2018 | D:2      | Noticed Jessica
  2030 | D:2      | Slain by Jessica

Illustrated notes

Levels and vault maps discovered:
D:1:      dpeg_arrival_round_a, layout_basic
D:2:      layout_basic, basic_altar, basic_ecumenical_altar, uniq_jessica

Skill      XL: |  1  2  3 |
---------------+----------+-----
Necromancy     | 5 |  5.3
Dodging        | 2 |  2.0
Stealth        | |  1.9
Spellcasting   | |  2.7

Action                   || total
-------------------------++-------
Melee: Club              ||    14
 Cast: Necrotise         ||    69
Armor: Robe              ||    11
Dodge: Dodged            ||    29
